 Dungeon Crawl Stone Soup version 0.31-a0-237-g2d982f9f85 (webtiles) character file.

Game seed: 10917942412674971515

81 qw the Shooter (level 4, -3/26 HPs)
             Began as a Gargoyle Hexslinger on July 11, 2023.
             Slain by an orc wizard
             ... wielding a +0 dagger
              (4 damage)
             ... on level 3 of the Dungeon.
             The game lasted 00:00:47 (2046 turns).

qw the Shooter (Gargoyle Hexslinger)                Turns: 2046, Time: 00:00:48

Health: -3/26      AC:  5    Str: 11    XL:     4   Next: 40%
Magic:  5/5        EV: 17    Int: 14    God:
Gold:   0          SH:  0    Dex: 14    Spells: 4/5 levels left

rFire   . . .        Y - +0 shortbow
rCold   . . .        (shield currently unavailable)
rNeg    + + .        c - +0 robe
rPois   inf          (no helmet)
rElec   +            (no cloak)
rCorr   .            (no gloves)
SInv    .            (no boots)
Will    .....        (no amulet)
Stlth   +            h - +5 ring of evasion
HPRegen 0.24/turn    i - ring of positive energy
MPRegen 0.09/turn

%: no passive effects
@: confused
A: sickness immunity, AC +3, negative energy resistance 1, electricity
resistance, torment resistance 1, petrification resistance
a: no special abilities


You were on level 3 of the Dungeon.
You visited 1 branch of the dungeon, and saw 3 of its levels.

You collected 108 gold pieces.
You spent 108 gold pieces at shops.


Innate Abilities, Weirdness & Mutations

You are immune to sickness and miasma.
Your stone body is resilient. (AC +3)
You are immune to poison.
You resist negative energy. (rN+)
You are resistant to electric shocks. (rElec)
You are resistant to unholy torment.
You are immune to petrification.


   Skills:
 - Level 2.0 Fighting
 + Level 4.2 Ranged Weapons
 - Level 1.5 Dodging
 - Level 1.0 Spellcasting
 - Level 2.6 Hexes


You had 4 spell levels left.
You knew the following spells:

 Your Spells              Type           Power      Damage    Failure   Level
a - Slow                  Hex            32%        N/A       9%          1

Your spell library contained the following spells:

 Spells                   Type           Power      Damage    Failure   Level
 Inner Flame              Hex/Fire       4%         N/A       41%         3
 Portal Projectile        Hex/Tloc       8%         N/A       41%         3
 Cause Fear               Hex            4%         N/A       65%         4

Inventory:

Hand Weapons
 Y - a +0 shortbow (weapon)
Armour
 c - a +0 robe (worn)
 j - a +0 ring mail
Jewellery
 h - a +5 ring of evasion (left hand)
 i - a ring of positive energy (right hand)
 l - a ring of see invisible
Scrolls
 a - a scroll of butterflies {unknown}
 b - 4 scrolls of identify
Potions
 d - a potion of lignification {unknown}
 e - a potion of curing {unknown}
 f - a potion of degeneration {unknown}
 k - a potion of mutation {unknown}
 m - a potion of resistance {unknown}

Dungeon Overview and Level Annotations

Branches:
Dungeon (3/15)

Altars:

Shops:
D:1 *   D:2 (   D:3 [


Message History

The orc wizard is heavily wounded.
You shoot an arrow.
The arrow completely misses the orc wizard.
The orc wizard barely misses you.
The orc wizard points at you and mumbles some strange words.
You are confused.
The orc wizard gestures at you while chanting.
The magic dart hits you.
The orc wizard hits you with a +0 dagger.
The orc wizard hits you but does no damage.
The orc wizard casts a spell.
The orc wizard flickers and vanishes!
Deactivating autopickup; reactivate with Ctrl-A.
The orc wizard misses you.
The orc wizard hits you with a +0 dagger.
The orc wizard barely misses you.
The orc wizard points at you and mumbles some strange words.
You resist with some effort.
The orc wizard points at you and mumbles some strange words.
You resist with some effort. The orc wizard closely misses you.
The orc wizard completely misses you. The orc wizard barely misses you.
The orc wizard closely misses you.
The orc wizard hits you with a +0 dagger.
You feel less confused.
The orc wizard hits you with a +0 dagger.
The orc wizard casts a spell at you.
You are confused.
The orc wizard casts a spell.
The orc wizard flickers and vanishes!
The orc wizard barely misses you.
You hear some strange, mumbled words.
A magic dart appears from out of thin air!
The magic dart hits you.
The orc wizard hits you with a +0 dagger.
You hear some strange, mumbled words.
A magic dart appears from out of thin air!
The magic dart hits you!
You hear some strange, mumbled words.
The orc wizard misses you. Something hits you.
You die...

+.....#.......# #.#.#
#.....######### #.#.#####
#######... #.#.....#
#...### ###.#####.#
+...+.# . ........#
####...#.#.# ..####..#
......)#.#.#.# #..####
......o{o....# #......
#####..#@#.### #.#####
...o.#.##########......
...?ooo#...........#####.
..################.# #. .
#.# #. #.#####. #.......
########


You could see an orc wizard and an orc.

Vanquished Creatures
  2 adders
  2 worms (D:3)
  2 dart slugs
  An orc (D:3)
  An endoplasm (D:2)
  2 giant cockroaches
  5 goblins
  10 hobgoblins
  3 quokkas
  6 ball pythons
  6 bats
  2 frilled lizards
  A kobold (D:1)
  8 rats
51 creatures vanquished.

Notes
Turn   | Place    | Note
-------+----------+-------------------------------------------
     0 | D:1      | qw the Gargoyle Hexslinger began the quest for the Orb.
     0 | D:1      | Reached XP level 1. HP: 12/12 MP: 2/2
     0 | D:1      | 0 ||| qw: Version: 0.3-a-52-g30416fa
     0 | D:1      | 0 ||| qw: Game counter: 5714
     0 | D:1      | 0 ||| qw: Melee chars always use a shield: true
     0 | D:1      | 0 ||| qw: God list: Okawaru
     0 | D:1      | 0 ||| qw: Allow faded altars: false
     0 | D:1      | 0 ||| qw: Do Orc after clearing Dungeon:15 true
     0 | D:1      | 0 ||| qw: Do second Lair branch before Depths: true
     0 | D:1      | 0 ||| qw: Lair rune preference: random
     0 | D:1      | 0 ||| qw: Goals: Normal
     0 | D:1      | 0 ||| PLANNING D:1-11
   132 | D:1      | Found Gutout's Assorted Antiques.
   134 | D:1      | Reached XP level 2. HP: 16/16 MP: 3/3
   141 | D:1      | 141 ||| SHOPLISTING leather armour (32 gold, have 10).
   141 | D:1      | 141 ||| SHOPLISTING red potion (14 gold, have 10).
   141 | D:1      | 141 ||| SHOPLISTING ring mail (64 gold, have 10).
   141 | D:1      | 141 ||| SHOPLISTING scroll labelled AMAGABB SOMATUN (16
                  | gold, have 10).
   141 | D:1      | 141 ||| SHOPLISTING scroll labelled PAMNECRILA (16 gold,
                  | have 10).
   141 | D:1      | 141 ||| SHOPLISTING scroll labelled TIDDOCSECRU (16 gold,
                  | have 10).
   141 | D:1      | 141 ||| SHOPLISTING scroll labelled YZXO TAQU PAH (16 gold,
                  | have 10).
   141 | D:1      | 141 ||| SHOPLISTING scroll labelled ZURIGI JULON (16 gold,
                  | have 10).
   182 | D:1      | Reached skill level 3 in Ranged Weapons
   216 | D:1      | Found a faded altar of an unknown god.
   445 | D:1      | Reached XP level 3. HP: 21/21 MP: 4/4
   809 | D:1      | 809 ||| UPGRADING to +5 ring of evasion.
   810 | D:1      | 810 ||| UPGRADING to ring of positive energy.
   811 | D:1      | 811 ||| READING scroll labelled YZXO TAQU PAH.
   812 | D:1      | 812 ||| READING scroll labelled PAMNECRILA.
   816 | D:1      | 816 ||| READING scroll labelled NEETAXZATHU.
   817 | D:1      | 817 ||| DROPPING scroll of poison.
  1074 | D:2      | Found Yroegil's Antique Weapon Shoppe.
  1081 | D:2      | 1081 ||| BUYING shortbow (60 gold).
  1081 | D:2      | Bought a shortbow for 60 gold pieces
  1081 | D:2      | 1081 ||| SWAPPING to +0 shortbow.
  1082 | D:2      | 1082 ||| DROPPING +1 sling.
  1457 | D:2      | 1457 ||| READING scroll labelled LANOTH KEUT.
  1458 | D:2      | 1458 ||| DRINKING 2 purple potions.
  1459 | D:2      | 1459 ||| DROPPING potion of invisibility.
  1596 | D:3      | Reached XP level 4. HP: 26/26 MP: 5/5
  1649 | D:3      | Reached skill level 4 in Ranged Weapons
  1796 | D:3      | Found Tuafoch's Armour Boutique.
  1803 | D:3      | 1803 ||| SHOPLISTING +0 helmet (54 gold, have 48).
  1803 | D:3      | 1803 ||| SHOPLISTING +0 pair of gloves (54 gold, have 48).
  1803 | D:3      | 1803 ||| BUYING +0 ring mail (48 gold).
  1803 | D:3      | Bought a +0 ring mail for 48 gold pieces
  1803 | D:3      | 1803 ||| SHOPLISTING +1 leather armour of poison resistance
                  | (132 gold, have 0).
  1803 | D:3      | 1803 ||| SHOPLISTING +2 ring mail of cold resistance (252
                  | gold, have 0).
  1880 | D:3      | HP: 5/26 [worm (9)]
  1881 | D:3      | 1881 ||| READING scroll of teleportation.
  2025 | D:3      | 2025 ||| Stepping ~*~*~tactically~*~*~ (outnumbered).
  2027 | D:3      | 2027 ||| Stepping ~*~*~tactically~*~*~ (outnumbered).
  2045 | D:3      | HP: 1/26 [something/magic dart (10)]
  2046 | D:3      | Slain by an orc wizard

Levels and vault maps discovered:
D:1:      tarquinn_simple_flora_water_f, layout_loops_ring,
          ebering_ecumenical_altar_mist, serial_shops, shop
D:2:      layout_loops_ring, serial_shops, nicolae_shop_rolling_square,
          minmay_fountain_box
D:3:      layout_basic, serial_shops, nicolae_shop_trees

Skill      XL: |  1  2  3  4 |
---------------+-------------+-----
Ranged Weapons | 3 4 |  4.2
Fighting       | 2 |  2.0
Dodging        | |  1.5
Spellcasting   | |  1.0
Hexes          | |  2.6

Action                     |  1- 3 |  4- 6 || total
---------------------------+-------+-------++-------
   Fire: Sling             |    98 |       ||    98
         Shortbow          |    34 |    55 ||    89
    Use: Scroll            |     4 |     1 ||     5
         Potion            |     1 |       ||     1
 Armour: Robe              |    20 |     3 ||    23
  Dodge: Dodged            |    47 |    27 ||    74

Table legend:
 A = Non-vault XP
 B = Vault XP
 C = Vault XP percentage of total XP
 D = Non-vault monster count
 E = Vault monster count
 F = Vault count percentage of total count
                 A         B        C        D         E       F
            +---------+---------+-------+---------+---------+-------
      Total |     116 |       0 |   0.0 |      51 |       0 |   0.0
            +---------+---------+-------+---------+---------+-------
        D:1 |      43 |       0 |   0.0 |      25 |       0 |   0.0
        D:2 |      34 |       0 |   0.0 |      14 |       0 |   0.0
        D:3 |      39 |       0 |   0.0 |      12 |       0 |   0.0
            +---------+---------+-------+---------+---------+-------
